 Dungeon Crawl Stone Soup version 0.25-a0-1024-gbfbf38f2cb (webtiles) character file.

Game seed: 16359118523503213274, levelgen mode: deterministic

454 Flugslaktarn the Skirmisher (level 6, 0/48 HPs)
             Began as a Mummy Fighter on May 12, 2020.
             Was a Believer of Ru.
             Slain by an ogre
             ... wielding a cursed -1 giant spiked club
              (17 damage)
             ... on level 4 of the Dungeon.
             The game lasted 00:01:52 (3384 turns).

Flugslaktarn the Skirmisher (Mummy Fighter)         Turns: 3384, Time: 00:01:52

Health: 0/48       AC: 11    Str: 20    XL:     6   Next: 76%
Magic:  15/15      EV:  3    Int:  7    God:    Ru [**....]
Gold:   224        SH:  9    Dex: 13    Spells: 5/5 levels left

rFire    x . .     SeeInvis .   a - +0 war axe
rCold    + . .     Gourm    .   c - +0 kite shield
rNeg     + + +     Faith    .   h - +0 plate armour
rPois    ∞         Spirit   .   (no helmet)
rElec    .         Reflect  .   (no cloak)
rCorr    .         Harm     .   (no gloves)
MR       .....                  (no boots)
Stlth    ..........             (no amulet)
HPRegen  0.16/turn              k - ring of magical power
MPRegen  0.14/turn              (no ring)

@: no status effects
A: no food or potions, fire vulnerability, cold resistance 1, negative energy
resistance 3, torment resistance, unbreathing, unskilled 1
a: Renounce Religion


You were on level 4 of the Dungeon.
You worshipped Ru.
Ru was pleased with you.
You were not hungry.

You visited 1 branch of the dungeon, and saw 4 of its levels.

You collected 224 gold pieces.

Inventory:

Hand Weapons
 a - a +0 war axe (weapon)
 b - a +0 hand axe of flaming
   (You found it on level 3 of the Dungeon)
Missiles
 o - a throwing net (quivered)
Armour
 c - a +0 kite shield (worn)
 h - a +0 plate armour (worn)
   (You found it on level 2 of the Dungeon)
 l - a +0 scale mail
Jewellery
 k - a ring of magical power (left hand)
   (You found it on level 2 of the Dungeon)
 r - an uncursed ring of protection from fire {unknown}
   (You found it on level 4 of the Dungeon)
 s - an uncursed ring of protection from fire {unknown}
   (You found it on level 4 of the Dungeon)
Wands
 m - a wand of paralysis (7)
   (You found it on level 3 of the Dungeon)
Scrolls
 d - 2 scrolls of enchant armour {unknown}
 e - 3 scrolls of remove curse {unknown}
 f - a scroll of enchant weapon {unknown}
 g - 4 scrolls of identify {unknown}
 i - a scroll of blinking {unknown}
 j - 2 scrolls of immolation {unknown}
 n - a scroll of noise {unknown}
 p - 2 scrolls of teleportation {unknown}
 q - a scroll of fog {unknown}


   Skills:
 + Level 3.9 Fighting
 * Level 3.6 Axes
 + Level 3.2 Armour
 + Level 3.2 Shields


You had 5 spell levels left.
You didn't know any spells.
Your spell library was empty.

Dungeon Overview and Level Annotations

Branches:
Dungeon (4/15)
 Temple: D:4-7

Altars:
Okawaru
Ru


Innate Abilities, Weirdness & Mutations

You do not eat or drink.
Your flesh is vulnerable to fire.
You are immune to poison.
Your flesh is cold resistant. (rC+)
You are immune to negative energy. (rN+++)
You are immune to unholy pain and torment.
You can survive without breathing.
You are somewhat unskilled. (-1 Apt)


Message History

You hit the ogre.
The ogre is lightly wounded.
The ogre hits you with a cursed -1 giant spiked club.
Your plate armour prevents you from hitting the ogre.
The ogre is lightly wounded.
The ogre hits you with a cursed -1 giant spiked club.
You hit the ogre.
The ogre is moderately wounded.
The ogre hits you but does no damage.
You hit the ogre.
The ogre is heavily wounded.
The ogre hits you with a cursed -1 giant spiked club!!
Ouch! That really hurt!
You slash the ogre!
The ogre is severely wounded.
You block the ogre's attack.
You hit the ogre.
The ogre is severely wounded.
The ogre hits you with a cursed -1 giant spiked club!
You die...

##^......# #........#...
##........#... ..........#...
..!.......#... ..........#...
#########
..#########≈.≈#########.......#
..# ...≈§.≈≈.......'.#####.# ..#
....§..O@.....'.# ###<### ..#
...≈≈§§≈.......'.###...#..
(.#########≈.§###########...###..
........# #... #.#####..
........# #..= ###.# ##...
.....[..# #... ####...###....
........###... ...........†...
..........#... .....##........
........#.# #.......###....


You could see an ogre.

Vanquished Creatures
  A phantom (D:4)
  A scorpion (D:4)
  2 howler monkeys (D:4)
  An iguana (D:4)
  A worker ant (D:2)
  6 gnolls (D:4)
  5 adders
  2 worms (D:4)
  2 dart slugs
  2 leopard geckos
  2 ball pythons
  9 bats
  6 giant cockroaches
  10 goblins
  9 hobgoblins
  2 jackals (D:1)
  10 kobolds
  A quokka (D:3)
  4 frilled lizards
  7 rats
83 creatures vanquished.

Vanquished Creatures (others)
  A gnoll (D:4)
1 creature vanquished.

Grand Total: 84 creatures vanquished

Notes
Turn   | Place    | Note
-------+----------+-------------------------------------------
     0 | D:1      | Flugslaktarn the Mummy Fighter began the quest for the Orb.
     0 | D:1      | Reached XP level 1. HP: 18/18 MP: 1/1
   219 | D:1      | Reached XP level 2. HP: 24/24 MP: 2/2
   608 | D:2      | Reached XP level 3. HP: 28/29 MP: 3/3
   658 | D:2      | Found a sacrificial altar of Ru.
   666 | D:2      | Became a worshipper of Ru the Awakened
   932 | D:2      | Reached XP level 4. HP: 31/35 MP: 4/4
  1716 | D:3      | Found an iron altar of Okawaru.
  1809 | D:3      | Gained mutation: You are somewhat unskilled. (-1 Apt) [Ru
                  | sacrifice]
  1809 | D:3      | Reached * piety under Ru
  1809 | D:3      | Reached ** piety under Ru
  2145 | D:4      | Reached XP level 5. HP: 15/41 MP: 5/5
  2467 | D:4      | Noticed a phantom
  2809 | D:4      | Reached XP level 6. HP: 45/47 MP: 6/6
  3384 | D:4      | Slain by an ogre

Illustrated notes

Levels and vault maps discovered:
D:1:      heliophobic_arrival_glass_houses, layout_rooms
D:2:      minmay_evil_eye, layout_basic, first_ration, nicolae_ru_path_of_blood
D:3:      layout_rooms, okawaru_ov_weapons_minmay
D:4:      layout_rooms, kennysheep_cross_bottleneck

Skill      XL: |  1  2  3  4  5 |
---------------+----------------+-----
Axes           | 2 3 |  3.6
Armour         | 2 3 |  3.2
Shields        | 2 3 |  3.2
Fighting       | |  3.9

Action                   |  1- 3 |  4- 6 || total
-------------------------+-------+-------++-------
Melee: War axe           |   103 |   234 ||   337
Invok: Sacrifice Skill   |       |     1 ||     1
Armor: Scale mail        |    41 |       ||    41
       Plate armour      |    17 |   185 ||   202
Dodge: Dodged            |    24 |    42 ||    66
Block: Kite shield       |    59 |   124 ||   183

Table legend:
 A = Non-vault XP
 B = Vault XP
 C = Vault XP percentage of total XP
 D = Non-vault monster count
 E = Vault monster count
 F = Vault count percentage of total count
                 A         B        C        D         E       F
            +---------+---------+-------+---------+---------+-------
      Total |     646 |       3 |   0.5 |      82 |       2 |   2.4
            +---------+---------+-------+---------+---------+-------
        D:1 |      37 |       0 |   0.0 |      22 |       0 |   0.0
        D:2 |     101 |       3 |   2.9 |      26 |       2 |   7.1
        D:3 |      64 |       0 |   0.0 |      19 |       0 |   0.0
        D:4 |     444 |       0 |   0.0 |      15 |       0 |   0.0
            +---------+---------+-------+---------+---------+-------
